 Dungeon Crawl Stone Soup version 0.14.2 (webtiles) character file.

485 darrazh the Covered (level 6, 0/56 HPs)
             Began as a Deep Dwarf Fighter on Feb 15, 2016.
             Slain by a crimson imp (1 damage)
             ... on Level 4 of the Dungeon.
             The game lasted 01:00:49 (3459 turns).

darrazh the Covered (Deep Dwarf Fighter)            Turns: 3459, Time: 01:00:49

HP   0/56        AC  8     Str 20      XL: 6   Next: 40%
MP   0/7         EV  8     Int  9      God:
Gold 119         SH 19     Dex 10 (13) Spells:  0 memorised,  5 levels left

rFire  + . .     SeeInvis .     I - +0 short sword
rCold  . . .     Clarity  .     M - +0 ring mail
rNeg   . . .     Conserve .     c - +0 shield
rPois  .         rCorr    .     (no helmet)
rElec  .         rRot     .     n - +0 cloak
SustAb . .       Spirit   +     (no gloves)
rMut   .         Warding  .     i - +0 pair of boots
Saprov . . .     Stasis   .     j - amulet of guardian spirit
MR     .....                    (no ring)
                                w - ring of protection from fire {unknown}

@: non-regenerating, lethally poisoned, not resistant to hostile enchantments,
extremely unstealthy
A: damage resistance, recharge devices, sense surroundings 1, slow healing 3
a: Device Recharging


You were on level 4 of the Dungeon.
You were not hungry.

You visited 1 branch of the dungeon, and saw 4 of its levels.

You collected 119 gold pieces.

Inventory:

Hand weapons
 a - a +0,+0 long sword
 l - a +0,+0 short sword
 o - a +0,+0 sling
 q - a +0,+0 whip
 r - a +0,+0 dagger of speed
 x - a +0,+0 dagger
 B - a +0,+0 dagger
 C - a +2,+1 spear
 E - a +0,+0 sling
 H - a +2 blowgun
 I - a +0,+0 short sword (weapon)
 L - a +0,+0 club
 N - a +0,+0 war axe
 P - a +0,+0 dagger
 S - a +0,+0 flail
 U - a +0,+0 hand axe
Missiles
 g - 29 darts (quivered)
 p - 74 arrows
 u - 59 stones
 v - 25 bolts
 z - 15 sling bullets
 D - 13 exploding sling bullets
 J - 4 poisoned needles
 O - 2 tomahawks
Armour
 b - a +0 scale mail
 c - a +0 shield (worn)
 f - a +0 robe
 i - a +0 pair of boots (worn)
 n - a +0 cloak (worn)
 t - a +0 cloak
 y - a +0 robe
 M - a +0 ring mail (worn)
Magical devices
 d - a wand of heal wounds (0)
Comestibles
 h - a choko
 s - a meat ration
 A - a sausage
 F - a bread ration
 V - a banana
Scrolls
 m - 4 scrolls of remove curse
 G - a scroll of blinking
 W - a scroll of identify
Jewellery
 j - an amulet of guardian spirit (around neck)
 w - a ring of protection from fire (left hand) {unknown}
Potions
 e - a potion of might
 k - a potion of magic
 K - a potion of confusion {unknown}


   Skills:
 + Level 3.1 Fighting
 + Level 2.7 Long Blades
 + Level 2.2 Throwing
 + Level 4.9 Armour
 + Level 2.7 Dodging
 + Level 0.3 Stealth
 + Level 4.4 Shields
 + Level 1.5 Evocations


You had 5 spell levels left.
You didn't know any spells.

Dungeon Overview and Level Annotations

Branches:
Dungeon (4/15)
 Temple: D:4-7

Altars:


Innate Abilities, Weirdness & Mutations

You are resistant to damage.
You can recharge devices by infusing magical energy.
You passively map a small area around you.
You do not heal naturally.


Message History

The giant frog skeleton barely misses you.
The hobgoblin hits you but does no damage.
You block the worker ant's attack.
You block the giant frog skeleton's attack.
You closely miss the worker ant.
The worker ant is moderately wounded.
The worker ant bites you.
* * * LOW HITPOINT WARNING * * *
You are poisoned.
The worker ant poisons you! You block the hobgoblin's attack.
You block the giant frog skeleton's attack.
The worker ant bites you but does no damage.
You block the crimson imp's attack. The giant frog skeleton hits you.
The hobgoblin hits you but does no damage.
The worker ant barely misses you.
Your shield prevents you from hitting the worker ant.
The worker ant is moderately wounded.
You block the giant frog skeleton's attack.
The crimson imp hits you.
You die...

####.####### ,.... * * *
#.# .)........ , #.#
#..........# #.#
#..........# #.#
#..........# #.#
#..........# *, #.#
#..........#
####.#######.....g....####
...............a@5........,
, ,
##.#######.#####z#######.#
* * * #.# * #o# #.# #.# #g#
#.# #.# , #z# #.# ##.##
#.#####z#######.# .....
...........o5.g..########
#####
*###############.z.......
#.########


You could see a worker ant, a crimson imp, an orc, 2 hobgoblins, an adder
skeleton, a giant frog skeleton and an orc skeleton.

Vanquished Creatures
  The ghost of namelastname112 the Insei, an average DrMo (D:3)
  A centaur skeleton (D:4)
  Jessica (D:2)
  10 adders
  A giant mite (D:2)
  A worm (D:2)
  2 giant geckos
  5 orcs (D:3)
  13 bats
  4 giant cockroaches
  3 goblins
  6 hobgoblins
  A quokka (D:3)
  2 ball pythons (D:1)
  5 giant newts
  8 kobolds
  8 rats
72 creatures vanquished.

Notes
Turn   | Place    | Note
--------------------------------------------------------------
     0 | D:1      | darrazh, the Deep Dwarf Fighter, began the quest for the Orb.
     0 | D:1      | Reached XP level 1. HP: 20/20 MP: 1/1
   168 | D:1      | Reached XP level 2. HP: 27/27 MP: 2/2
   704 | D:2      | Reached skill level 1 in Throwing
   704 | D:2      | Reached XP level 3. HP: 30/33 MP: 0/3
   723 | D:2      | Noticed Jessica
   746 | D:2      | Killed Jessica
   813 | D:2      | Reached XP level 4. HP: 28/42 MP: 4/4
   875 | D:2      | Reached skill level 1 in Dodging
   894 | D:2      | Reached skill level 4 in Armour
  1493 | D:3      | Noticed namelastname112's ghost (average DrMo)
  1697 | D:3      | Reached XP level 5. HP: 26/49 MP: 0/5
  1873 | D:3      | Noticed an ogre
  1875 | D:3      | Gained mutation: Your muscles are strong. (Str +2) [potion of mutation]
  1875 | D:3      | Gained mutation: You have a pair of small horns on your head. [potion of mutation]
  2694 | D:3      | Killed namelastname112's ghost
  2694 | D:3      | Reached skill level 1 in Evocations
  2694 | D:3      | Reached XP level 6. HP: 36/56 MP: 0/7
  2746 | D:3      | Lost mutation: Your muscles are strong. (Str +2) [potion of cure mutation]
  2746 | D:3      | Lost mutation: You have a pair of small horns on your head. [potion of cure mutation]
  3453 | D:4      | HP: 2/56 [giant frog skeleton (5)]
  3459 | D:4      | Slain by a crimson imp

Action                   |  1- 3 |  4- 6 || total
-------------------------+-------+-------++-------
Melee: Long sword        |    67 |   214 ||   281
       Dagger            |       |    13 ||    13
       Short sword       |       |   214 ||   214
Throw: Dart              |    38 |    24 ||    62
Evoke: Wand              |       |    12 ||    12
  Use: Potion            |     3 |     3 ||     6
       Scroll            |     1 |     9 ||    10
